Map: Temple of the Past

Players

Tabiary

  • Race: Protoss Protoss
  • Spawn Location: 0:00

SeresHotes

  • Race: Protoss Protoss
  • League: Diamond
  • Spawn Location: 0:00

VOD

Have the link to the VOD?

Description

Time

  • Played on: May 30, 2019, 3:30 p.m.
  • Length: 26:29
Show
View Real Time Build Order
Export as new Build Order

Tabiary Protoss 

Build Orders:  

Get SALT Encoding   

  12  0:03  Probe (Chrono Boost)  
  13  0:10  Dark Pylon  
  13  0:16  Probe (Chrono Boost)  
  14  0:23  Assimilator  
  14  0:29  Probe (Chrono Boost)  
  15  0:39  Assimilator  
  15  0:42  Probe (Chrono Boost)  
  16  0:55  Probe (Chrono Boost)  
  17  1:04  Gateway  
  17  1:08  Probe (Chrono Boost)  
  18  1:22  Probe (Chrono Boost)  
  18  1:29  Forge  
  19  1:38  Pylon  
  19  1:42  Probe (Chrono Boost)  
  19  1:49  Protoss Ground Weapons Level 1  
  20  1:55  Probe (Chrono Boost)  
  21  2:07  Probe (Chrono Boost)  
  22  2:16  Cybernetics Core  
  22  2:38  Probe (Chrono Boost)  
  23  2:55  Probe (Chrono Boost)  
  24  3:10  Twilight Council  
  24  3:11  Warp Gate  
  24  3:20  Nexus  
  24  3:26  Assimilator  
  24  3:40  Assimilator  
  24  3:54  Protoss Shields Level 1  
  24  4:02  Protoss Air Weapons Level 1  
  24  4:09  Probe (Chrono Boost)  
  25  4:20  Pylon  
  25  4:26  Probe (Chrono Boost)  
  26  4:49  Dark Shrine  
  26  4:54  Stargate  
  26  5:02  Gateway  
  26  5:08  Probe (Chrono Boost)  
  26  5:09  Probe (Chrono Boost)  
  28  5:25  Probe (Chrono Boost)  
  30  5:30  Probe (Chrono Boost)  
  31  5:40  Stargate  
  31  5:42  Probe (Chrono Boost)  
  31  5:43  Shadow Fury  
  31  5:47  Probe (Chrono Boost)  
  32  5:59  Fleet Beacon  
  32  6:04  Gateway  
  32  6:08  Protoss Ground Weapons Level 2  
  34  6:10  Probe (Chrono Boost)  
  34  6:12  Probe (Chrono Boost)  
  34  6:20  Dark Templar  
  36  6:42  Pylon  
  36  6:49  Dark Templar  
  38  6:53  Protoss Air Weapons Level 2  
  38  7:01  Stealth Drive  
  38  7:04  Probe (Chrono Boost)  
  38  7:06  Probe (Chrono Boost)  
  41  7:23  Probe (Chrono Boost)  
  41  7:35  Dark Templar Blink  
  41  7:42  Dark Templar x2  
  45  8:09  Corsair x2  
  49  8:16  Disruption Web  
  49  8:22  Gateway x2  
  49  8:24  Dark Templar  
  51  8:40  Void Stasis  
  51  9:06  Dark Pylon  
  51  9:10  Dark Templar x3  
  57  9:23  Corsair x2  
  61  9:49  Protoss Ground Weapons Level 3  
  61  10:04  Dark Templar x2  
  61  10:05  Dark Templar  
  67  10:13  Corsair  
  69  10:56  Pylon  
  69  11:01  Pylon  
  69  11:05  Pylon  
  69  11:08  Oracle  
  69  11:22  Corsair  
  74  11:53  Oracle  
  74  11:54  Oracle  
  78  12:28  Stargate  
  78  12:36  Gateway  
  78  12:41  Pylon  
  78  12:43  Corsair  
  78  12:44  Pylon, Corsair  
  82  12:58  Pylon  
  82  13:06  Pylon  
  82  13:20  Dark Pylon  
  82  13:28  Photon Cannon  
  82  13:29  Photon Cannon  
  82  13:31  Photon Cannon  
  82  13:33  Photon Cannon  
  82  13:35  Photon Cannon  
  82  13:41  Photon Cannon  
  82  13:42  Photon Cannon x2  
  82  13:45  Photon Cannon  
  82  13:46  Photon Cannon  
  82  13:49  Photon Cannon  
  78  13:51  Photon Cannon  
  76  14:27  Dark Templar x2  
  76  14:28  Dark Templar x3  
  86  14:31  Oracle x2  
  86  15:14  Dark Pylon  
  86  15:21  Corsair x2  
  90  15:33  Corsair  
  92  15:56  Photon Cannon, Corsair  
  92  15:57  Photon Cannon  
  92  15:59  Dark Templar x3, Photon Cannon  
  100  16:00  Dark Templar x3  
  103  16:41  Dark Pylon  
  103  16:44  Dark Templar  
  103  16:45  Dark Templar x2  
  103  16:46  Dark Templar x3  
  115  17:32  Photon Cannon x2  
  115  17:35  Photon Cannon  
  115  17:39  Protoss Air Weapons Level 3, Photon Cannon  
  115  17:40  Photon Cannon  
  115  17:42  Photon Cannon  
  115  17:45  Photon Cannon x2  
  115  17:49  Protoss Shields Level 2  
  115  18:10  Photon Cannon  
  115  18:11  Photon Cannon  
  115  18:13  Photon Cannon  
  115  18:16  Photon Cannon x2  
  115  18:19  Oracle  
  115  18:20  Oracle  
  115  18:21  Pylon  
  115  18:29  Pylon  
  118  18:40  Corsair  
  118  18:44  Pylon  
  118  18:49  Pylon  
  123  18:50  Dark Templar x3  
  123  18:51  Dark Templar x2  
  132  19:09  Corsair  
  134  19:10  Corsair  
  134  19:15  Corsair  
  134  19:19  Dark Templar  
  140  19:35  Dark Pylon  
  140  19:44  Corsair  
  140  19:45  Corsair  
  144  19:50  Corsair  
  146  20:07  Pylon  
  146  20:09  Pylon  
  139  21:08  Dark Pylon  
  134  22:04  Probe (Chrono Boost)  
  134  22:09  Pylon  
  134  22:19  Pylon  
  135  22:20  Probe (Chrono Boost)  
  135  22:21  Photon Cannon x2  
  135  22:22  Photon Cannon  
  135  22:28  Photon Cannon x2  
  135  22:31  Photon Cannon  
  135  22:33  Dark Templar x2  
  135  22:34  Dark Templar x4  
  135  22:37  Photon Cannon  
  135  22:38  Photon Cannon  
  147  23:40  Dark Templar x2  
  147  23:42  Dark Templar  
  147  23:43  Dark Templar x3  
  147  23:45  Corsair x2  
  147  23:46  Corsair  
  165  24:00  Oracle x2  
  165  24:01  Dark Pylon, Oracle  
  168  24:58  Dark Templar x3  
  168  24:59  Dark Templar x3  
  174  25:01  Corsair x3  
Show
View Real Time Build Order
Export as new Build Order

SeresHotes Protoss 

Build Orders:  

Get SALT Encoding   

  12  0:06  Probe (Chrono Boost)  
  13  0:19  Probe (Chrono Boost)  
  14  0:34  Probe (Chrono Boost)  
  15  0:41  Assimilator  
  15  0:52  Probe (Chrono Boost)  
  16  1:01  Stargate  
  16  1:06  Probe (Chrono Boost), Fleet Beacon  
  18  1:20  Probe (Chrono Boost)  
  18  1:21  Assimilator  
  18  1:34  Probe (Chrono Boost)  
  19  1:51  Probe (Chrono Boost)  
  20  2:05  Probe (Chrono Boost)  
  21  2:12  Carrier  
  21  2:19  Probe (Chrono Boost)  
  22  2:29  Cybernetics Core  
  28  2:46  Probe (Chrono Boost)  
  29  3:00  Pylon  
  29  3:13  Graviton Catapult  
  29  4:19  Protoss Air Weapons Level 1  
  29  4:27  Stargate  
  29  4:30  Stargate  
  29  4:32  Stargate  
  29  4:42  Pylon  
  29  4:44  Nexus  
  29  4:50  Assimilator  
  29  5:03  Pylon  
  29  5:07  Probe (Chrono Boost)  
  29  5:09  Carrier  
  37  5:24  Probe (Chrono Boost)  
  38  5:40  Probe (Chrono Boost)  
  38  5:44  Carrier  
  44  5:56  Assimilator  
  44  5:57  Probe (Chrono Boost)  
  45  6:07  Probe (Chrono Boost)  
  46  6:14  Probe (Chrono Boost)  
  47  6:23  Stargate  
  47  6:27  Probe (Chrono Boost)  
  49  6:31  Probe (Chrono Boost)  
  50  6:41  Probe (Chrono Boost)  
  50  6:48  Probe (Chrono Boost)  
  51  7:03  Carrier  
  57  7:18  Probe (Chrono Boost)  
  59  7:22  Probe (Chrono Boost)  
  59  7:32  Probe (Chrono Boost)  
  54  7:46  Probe (Chrono Boost)  
  54  7:49  Probe (Chrono Boost)  
  57  8:01  Carrier  
  57  8:02  Carrier  
  57  8:03  Probe x2 (Chrono Boost)  
  70  8:10  Pylon  
  70  8:12  Pylon  
  70  8:33  Carrier, Protoss Air Weapons Level 2  
  76  8:44  Carrier  
  76  8:49  Probe (Chrono Boost)  
  84  8:52  Probe (Chrono Boost)  
  84  8:54  Pylon  
  84  8:57  Stargate  
  84  9:14  Pylon  
  78  10:16  Carrier  
  78  10:17  Carrier x2  
  98  10:20  Probe (Chrono Boost)  
  98  10:23  Probe (Chrono Boost)  
  98  10:37  Carrier  
  104  11:13  Protoss Air Weapons Level 3  
  104  11:48  Carrier  
  110  12:26  Pylon  
  110  12:28  Pylon  
  110  12:31  Pylon  
  110  12:35  Pylon  
  110  12:36  Pylon  
  110  12:47  Pylon  
  110  12:50  Pylon  
  110  12:51  Carrier  
  110  12:53  Carrier, Pylon  
  110  12:56  Pylon  
  122  13:05  Carrier  
  128  13:19  Photon Cannon  
  128  13:20  Photon Cannon  
  128  13:23  Photon Cannon  
  128  13:26  Photon Cannon  
  128  13:28  Photon Cannon  
  128  13:31  Photon Cannon  
  128  13:35  Photon Cannon  
  128  13:37  Photon Cannon  
  128  14:25  Carrier x2  
  128  14:27  Carrier  
  146  14:51  Carrier  
  152  15:01  Clolarion's A.I. Personality  
  152  15:08  Forge  
  152  15:22  Protoss Air Armor Level 1  
  152  15:25  Carrier  
  158  15:40  Carrier  
  164  15:57  Photon Cannon  
  164  15:59  Photon Cannon  
  164  16:01  Photon Cannon  
  164  16:04  Photon Cannon  
  164  16:08  Photon Cannon  
  164  16:10  Photon Cannon  
  164  16:25  Carrier  
  170  17:06  Carrier  
  176  17:15  Pylon x2  
  176  17:21  Pylon  
  176  17:32  Protoss Air Armor Level 2  
  176  17:56  Carrier x2  
  188  18:11  Observation Protocol  
  188  18:23  Pylon  
  188  18:28  Pylon  
  188  18:31  Pylon  
  188  18:40  Carrier  
  188  18:43  Pylon  
  188  18:47  Pylon  
  193  19:11  Purifier Armaments  
  193  19:51  Pylon  
  193  19:55  Pylon  
  193  20:10  Photon Cannon  
  193  20:12  Photon Cannon  
  193  20:14  Photon Cannon  
  193  20:16  Photon Cannon  
  193  20:19  Photon Cannon  
  187  21:03  Carrier x2  
  199  21:18  Protoss Air Armor Level 3  
  199  21:24  Photon Cannon  
  199  21:27  Photon Cannon  
  199  21:29  Photon Cannon  
  199  21:32  Photon Cannon  
  199  21:34  Photon Cannon  
  199  21:37  Photon Cannon  
  199  21:41  Photon Cannon  
  199  21:42  Photon Cannon  
  199  21:45  Photon Cannon  
  199  21:48  Photon Cannon  
  199  21:51  Photon Cannon  
  199  21:54  Photon Cannon  
  199  21:56  Photon Cannon  
  199  21:59  Photon Cannon  
  199  22:01  Photon Cannon  
  199  22:48  A Strong Heart  
Tags
 
Add a new tag
Caveats
  • Supply blocks, unpowered buildings, or Contaminate may cause inaccurate times.
  • Supply counts are checked every 10 seconds.